 Dungeon Crawl Stone Soup version 0.22-a0-109-gbeb7240 (console) character file.

312 toffzen the Covert (level 6, -2/55 HPs)
             Began as a Naga Wanderer on Jan 26, 2018.
             Was an Initiate of Makhleb.
             Slain by Grinder (5 damage)
             ... on level 4 of the Dungeon.
             The game lasted 00:26:54 (6449 turns).

toffzen the Covert (Naga Wanderer)                  Turns: 6449, Time: 00:26:55

Health: -2/55      AC:  5    Str: 15    XL:     6   Next: 42%
Magic:  7/7        EV:  8    Int: 13    God:    Makhleb [......]
Gold:   173        SH:  0    Dex: 11    Spells: 7/7 levels left

rFire    . . .     SeeInvis +   a - +0 hand axe
rCold    . . .     Gourm    .   (no shield)
rNeg     + . .     Faith    .   b - +0 ring mail
rPois    +         Spirit   .   c - +0 helmet
rElec    .         Reflect  .   (no cloak)
rCorr    .         Harm     .   (no gloves)
MR       .....                  (no barding)
Stlth    ++++......             (no amulet)
HPRegen  0.18/turn              q - ring of stealth
MPRegen  0.10/turn              v - ring of positive energy

@: very slow
A: large, see invisible, deformed body, poison resistance, slowness 2, slow
metabolism 1, spit poison 1, AC +2
a: Spit Poison, Renounce Religion


You were on level 4 of the Dungeon.
You worshipped Makhleb.
Makhleb was noncommittal.
You were hungry.

You visited 2 branches of the dungeon, and saw 5 of its levels.

You collected 173 gold pieces.

Inventory:

Hand Weapons
 a - a +0 hand axe (weapon)
 d - a +0 club
 l - a +0 whip
Missiles
 j - 35 poisoned needles
 o - 28 sling bullets
 r - 138 stones (quivered)
Armour
 b - a +0 ring mail (worn)
 c - a +0 helmet (worn)
 p - a +0 large shield
Jewellery
 q - a ring of stealth (left hand)
 v - a ring of positive energy (right hand)
Wands
 m - a wand of digging (22)
 u - a wand of polymorph (8)
 B - a wand of flame (19)
Scrolls
 e - a scroll of fog {unknown}
 h - a scroll of noise {unknown}
 i - 3 scrolls of remove curse
 k - a scroll of random uselessness {unknown}
 n - a scroll of fear {unknown}
 s - a scroll of amnesia {unknown}
 w - a scroll of blinking {unknown}
 x - a scroll of teleportation {unknown}
 y - a scroll of identify
Potions
 g - a potion of mutation
 t - 2 potions of flight
 z - a potion of brilliance
Books
 A - a book of Frost

   Spells                             Type                      Level
   a - Freeze                         Ice                          1
   b - Throw Frost                    Conjuration/Ice              2
   c - Ozocubu's Armour               Charms/Ice                   3
   d - Throw Icicle                   Conjuration/Ice              4
   e - Summon Ice Beast               Ice/Summoning                4
Comestibles
 f - 3 rations


   Skills:
 + Level 2.7 Fighting
 + Level 0.6 Axes
   Level 1.0 Crossbows
 - Level 1.0 Throwing
 - Level 1.5 Armour
 + Level 0.5 Dodging
 - Level 9.0 Stealth
 + Level 0.0 Shields
 - Level 1.0 Spellcasting
   Level 1.0 Necromancy
   Level 1.0 Ice Magic
 + Level 0.6 Evocations


You had 7 spell levels left.
You didn't know any spells.

Dungeon Overview and Level Annotations

Branches:
Dungeon (4/15)             Temple (1/1) D:4

Altars:
Ashenzari
Cheibriados
Dithmenos
Elyvilon
Fedhas
Gozag
Hepliaklqana
Kikubaaqudgha
Makhleb
Nemelex Xobeh
Qazlal
Ru
Sif Muna
Trog
Uskayaw
Vehumet
Wu Jian
Xom
Yredelemnul
Zin
The Shining One

Annotations:
D:3 Robin; wazuzu's ghost, amateur MfGl
D:4 Grinder


Innate Abilities, Weirdness & Mutations

You cannot wear boots.
Your serpentine skin is tough. (AC +2)
You have supernaturally acute eyesight. (SInv)
Armour fits poorly on your strangely shaped body.
Your system is resistant to poisons. (rPois)
You cover ground very slowly.
You have a slow metabolism.
You can spit poison.


Message History

Aiming: Throw Flame (safe; 63% risk of failure)
Press: ? - help, Shift-Dir - straight line, f/p - Grinder
Aim: Grinder (heavily wounded)
The puff of flame hits Grinder.
Grinder is severely wounded.
Grinder hits you.
* * * LOW HITPOINT WARNING * * *
Evoke which item? (* to show all) (? for menu, Esc to quit)
Aiming: Throw Flame (safe; 63% risk of failure)
Press: ? - help, Shift-Dir - straight line, f/p - Grinder
Aim: Grinder (severely wounded)
The puff of flame misses Grinder.
Grinder barely misses you.
Evoke which item? (* to show all) (? for menu, Esc to quit)
Aiming: Throw Flame (safe; 63% risk of failure)
Press: ? - help, Shift-Dir - straight line, f/p - Grinder
Aim: Grinder (severely wounded)
The puff of flame hits Grinder.
Grinder is almost dead.
Grinder hits you.
You die...

.....#.##..##..# ###
.......###..#..##
...###...##.#...#
######.#..#...#.#
#....##.......##
##.######...#...# ##..#
#.#.#...####### ....#
##.#.###.......#####
....#####..#.# #@#####.....#
...........#.#
#5#########.######
....#####..#.###....###
#.......
....##.........####...#
########
######.....###...####<##
#.....###...# #..####
#.......#########....###
#.....#.)...<..........####
#.....##############.#....##


You could see Grinder.

Vanquished Creatures
  An orc priest (D:4)
  Jessica (D:2)
  Ijyb (D:2)
  Terence (D:2)
  An orc wizard (D:4)
  7 adders
  An ooze (D:4)
  A worm (D:2)
  2 dart slugs
  10 orcs (D:4)
  3 ball pythons
  2 giant cockroaches (D:2)
  9 hobgoblins
  12 jackals
  2 quokkas
  6 bats
  6 frilled lizards
  15 goblins
  13 kobolds
  A quokka skeleton (D:4)
  3 rats
98 creatures vanquished.

Notes
Turn   | Place    | Note
-------+----------+-------------------------------------------
     0 | D:1      | toffzen the Naga Wanderer began the quest for the Orb.
     0 | D:1      | toffzen set off with: a book of Frost, a +0 ring mail, a potion of lignification, a +0 club, a ration
     0 | D:1      | Reached XP level 1. HP: 19/19 MP: 2/2
   159 | D:1      | Reached skill level 2 in Stealth
   449 | D:1      | Reached skill level 3 in Stealth
   449 | D:1      | Reached XP level 2. HP: 23/26 MP: 3/3
   960 | D:1      | Reached skill level 4 in Stealth
  1314 | D:1      | Reached XP level 3. HP: 18/32 MP: 4/4
  1603 | D:2      | Reached skill level 5 in Stealth
  1861 | D:2      | Noticed Terence
  1910 | D:2      | Killed Terence
  1910 | D:2      | Reached skill level 6 in Stealth
  1910 | D:2      | Reached XP level 4. HP: 11/39 MP: 5/5
  2548 | D:2      | Reached skill level 7 in Stealth
  3399 | D:3      | Noticed Robin
  3532 | D:3      | Noticed an ogre
  3543 | D:3      | Noticed Jessica
  3550 | D:2      | Killed Jessica
  3550 | D:2      | Reached XP level 5. HP: 39/45 MP: 6/6
  3813 | D:3      | Reached skill level 8 in Stealth
  3905 | D:3      | Noticed Ijyb
  4180 | D:2      | Killed Ijyb
  4761 | D:3      | Noticed wazuzu's ghost (amateur MfGl)
  5020 | D:4      | Reached XP level 6. HP: 52/52 MP: 7/7
  5050 | D:4      | Reached skill level 9 in Stealth
  5156 | D:4      | Noticed Grinder
  5527 | D:4      | Found a staircase to the Ecumenical Temple.
  5542 | Temple   | Entered the Ecumenical Temple
  5718 | Temple   | Became a worshipper of Makhleb the Destroyer
  6431 | D:4      | Paralysed by Grinder for 3 turns
  6449 | D:4      | Slain by Grinder

Vault maps used:
D:1:      scummos_arrival_star
D:2:      serial_glass, glass_columns_a, glass_columns_b, glass_columns_a,
          glass_columns_c, glass_columns_a, glass_columns_c,
          minmay_splitting_lines, uniq_terence
D:3:      lemuel_upstairs_altar, first_ration, grunt_decor_one_mirror,
          minivault_19, minmay_goblin_kobold_house, uniq_robin, uniq_ijyb,
          uniq_jessica
D:4:      minmay_temple_entry_junction, uniq_grinder
Temple:   minmay_crystal_snake_temple

Skill      XL: |  1  2  3  4  5  6 |
---------------+-------------------+-----
Stealth        | 3 4 6 7 8 9 |  9.0
Fighting       | |  2.7
Axes           | |  0.6
Crossbows      | |  1.0
Throwing       | |  1.0
Armour         | |  1.5
Dodging        | |  0.5
Spellcasting   | |  1.0
Necromancy     | |  1.0
Ice Magic      | |  1.0
Evocations     | |  0.6

Action                   |  1- 3 |  4- 6 || total
-------------------------+-------+-------++-------
Melee: Whip              |    70 |   220 ||   290
       Club              |     5 |       ||     5
       Hand axe          |       |    62 ||    62
 Abil: Spit Poison       |    38 |    76 ||   114
Evoke: Wand              |       |    11 ||    11
  Use: Potion            |     2 |     3 ||     5
       Scroll            |     1 |     5 ||     6
 Stab: Sleeping          |     1 |     4 ||     5
       Distracted        |       |     1 ||     1
  Eat: Chunk             |     2 |    11 ||    13
       Ration            |     1 |     1 ||     2
Armor: Ring mail         |    42 |   164 ||   206
       Skin              |     8 |       ||     8
Dodge: Dodged            |    57 |   147 ||   204

Table legend:
 A = Spawn XP
 B = Non-spawn XP
 C = Spawn XP percentage of total XP
 D = Spawn monster count
 E = Non-spawn monster count
 F = Spawn count percentage of total count
 G = Total turns spent on level
                    A         B        C        D         E        F      G
               +---------+---------+-------+---------+---------+-------+---------
         Total |       0 |     447 |   0.0 |       0 |      98 |   0.0 |  6449
               +---------+---------+-------+---------+---------+-------+---------
           D:1 |       0 |      36 |   0.0 |       0 |      22 |   0.0 |  1475
           D:2 |       0 |     246 |   0.0 |       0 |      41 |   0.0 |  3044
           D:3 |       0 |      33 |   0.0 |       0 |      12 |   0.0 |   446
           D:4 |       0 |     132 |   0.0 |       0 |      23 |   0.0 |  1290
               +---------+---------+-------+---------+---------+-------+---------
